Predators vs Golden Seals

Created - 6 janvier 2021 at 19:56

Goals
1 2 3 T
Predators 0 2 4 6
Golden Seals 0 1 2 3
Shots
1 2 3 T
Predators 11 6 17 34
Golden Seals 11 6 11 28

1st period

No Goal

Penalties :
Tyler Toffoli (CLF) for Slashing (Minor) at 3:52

2nd period

1. Predators , Brayden Point 12 (Aleksander Barkov 16) at 1:39
2. Predators , Aleksander Barkov 9 (Jaccob Slavin 4) at 3:44
3. Golden Seals , Jaden Schwartz 12 (Jonathan Toews 19) at 16:54

Penalties :
Jordan Eberle (CLF) for Hooking (Minor) at 7:08, Anthony Duclair (NSH) for Hooking (Minor) at 17:13

3rd period

4. Predators , Brendan Lemieux 6 (Kevin Connauton 5, Mark Jankowski 1) at 4:08
5. Golden Seals , Jonathan Toews 7 (Unassisted) at 4:20
6. Predators , Anthony Duclair 8 (William Nylander 6, Robert Bortuzzo 2) at 6:00
7. Golden Seals , Miles Wood 7 (Olli Maatta 5) at 11:43
8. Predators , Sven Baertschi 3 (Jordan Weal 7, Samuel Girard 9) at 13:02
9. Predators , Sven Baertschi 4 (Robert Bortuzzo 3) at 17:53

Penalties :
Brendan Lemieux (NSH) for Interference (Minor) at 6:50, Colton Parayko (CLF) for Interference (Minor) at 15:30, Jonathan Toews (CLF) for Roughing (Minor) at 18:55

Goalie Stats

Connor Ingram (NSH), 25 saves from 28 shots - (0,893), W, 6-5-4, 60:00 minutes
Pheonix Copley (CLF), 28 saves from 34 shots - (0,824), L, 2-4-0, 60:00 minutes

Players Stats for Predators

Player Name              G  A  P  +/- PIM S  H  SB GA TA FO     MP     PP MP  PK MP  
------------------------------------------------------------------------------------
Aleksander Barkov        1  1  2   0  0   2  2  1  0  0  8/13   18:41   3:31   0:00 
Anthony Duclair          1  0  1   1  2   5  0  1  1  0  1/1    18:23   3:30   0:46 
Brayden Point            1  0  1   0  0   6  2  1  1  0  1/3    19:41   3:31   0:42 
Brendan Lemieux          1  0  1   0  2   2  2  0  1  0  0/0    12:24   0:00   0:33 
Carl Soderberg           0  0  0   1  0   1  2  0  0  2  10/26  19:56   3:30   2:18 
Colin Wilson             0  0  0   2  0   1  0  0  0  0  0/0     8:06   0:00   0:15 
Jaccob Slavin            0  1  1   2  0   2  1  3  0  2  0/0    23:21   4:06   1:34 
Jay Bouwmeester          0  0  0  -3  0   1  0  2  0  0  0/0    23:37   2:55   2:24 
Jordan Weal              0  1  1   2  0   1  1  0  0  0  3/5     7:51   0:00   0:00 
Kevin Connauton          0  1  1   4  0   1  1  0  0  1  0/0    13:02   0:00   0:00 
Mark Jankowski           0  1  1   0  0   0  0  1  0  1  3/7    12:41   0:00   1:07 
Matthew Nieto            0  0  0   0  0   1  4  0  0  2  0/0    14:39   0:00   2:15 
Patrick Marleau          0  0  0   0  0   1  4  0  1  1  1/1    18:41   3:31   0:00 
Robert Bortuzzo          0  2  2   4  0   1  4  0  0  0  0/0    13:02   0:00   0:00 
Samuel Girard            0  1  1   2  0   2  3  0  0  0  0/0    23:21   4:06   1:34 
Sven Baertschi           2  0  2   2  0   2  0  0  0  0  0/0     7:51   0:00   0:00 
Vladislav Gavrikov       0  0  0  -3  0   2  1  2  0  0  0/0    23:37   2:55   2:24 
William Nylander         0  1  1   1  0   3  1  0  0  0  0/0    17:06   3:30   0:00 

Players Stats for Golden Seals

Player Name              G  A  P  +/- PIM S  H  SB GA TA FO     MP     PP MP  PK MP  
------------------------------------------------------------------------------------
Barclay Goodrow          0  0  0   0  0   0  0  1  2  0  3/7    12:23   0:00   3:51 
Cody Ceci                0  0  0  -3  0   0  3  2  0  0  0/0    17:08   0:00   3:50 
Colton Parayko           0  0  0   1  2   1  2  2  1  1  0/0    23:13   2:49   0:00 
Jaden Schwartz           1  0  1  -2  0   6  2  0  0  0  0/0    18:45   2:28   0:00 
Jake McCabe              0  0  0   0  0   0  2  0  0  0  0/0    22:36   0:00   3:12 
Jonathan Toews           1  1  2  -2  2   4  1  1  1  1  15/27  19:11   2:28   0:27 
Jordan Eberle            0  0  0   0  2   2  1  0  0  0  0/0    15:03   1:30   0:00 
Max Domi                 0  0  0   0  0   2  1  1  0  0  0/0    17:19   1:30   2:03 
Miles Wood               1  0  1   0  0   1  2  0  0  0  0/0    12:08   0:00   3:48 
Nate Schmidt             0  0  0  -1  0   1  0  0  1  1  0/0    17:40   1:09   0:38 
Nick Cousins             0  0  0   0  0   0  1  0  0  0  0/0     8:03   0:00   0:00 
Nick Suzuki              0  0  0  -1  0   3  0  0  1  0  5/9    14:11   1:09   2:17 
Olli Maatta              0  1  1  -1  0   2  2  0  1  0  0/0    18:35   0:00   3:11 
Oskar Lindblom           0  0  0  -1  0   3  1  0  1  0  0/0    14:02   2:49   0:00 
Robby Fabbri             0  0  0  -1  0   0  1  0  0  0  0/0    11:16   0:00   0:28 
Robert Hagg              0  0  0  -3  0   0  2  0  0  1  0/0    16:06   0:00   3:11 
Tyler Toffoli            0  0  0  -2  2   2  1  0  1  0  0/2    18:47   2:28   0:00 
William Karlsson         0  0  0   0  0   1  2  0  0  0  6/11   16:28   1:30   1:08 

3 Stars

1 - Sven Baertschi (NSH)
2 - Robert Bortuzzo (NSH)
3 - Aleksander Barkov (NSH)

Power Play

Predators - 0 on 5 Attempt(s) - 0,00%
Golden Seals - 0 on 1 Attempt(s) - 0,00%

Penalty Kill

Predators - 1 on 1 Attempt(s) - 100,00% - Score 0 goal in Penalty Kill
Golden Seals - 5 on 5 Attempt(s) - 100,00% - Score 0 goal in Penalty Kill

Team Stat

Predators - Hits : 28 - Faceoff Wins : 27 - Blocked Shots : 11 - Penalty Minutes : 4
Golden Seals - Hits : 24 - Faceoff Wins : 29 - Blocked Shots : 7 - Penalty Minutes : 8

Official

Referees : Wes McCauley and Beaudry Halkidis
Linesman : Brandon Gawryletz and Scott Driscoll

Game Notes

4:20 of 3rd period - Penalty Shot by Jonathan Toews for Golden Seals - Goal!

Finance

Level 1 -- Attendance: 6000 (100,00%) -- Ticket Income 360 000 $
Level 2 -- Attendance: 5000 (100,00%) -- Ticket Income 175 000 $
Level 3 -- Attendance: 2000 (100,00%) -- Ticket Income 32 000 $
Level 4 -- Attendance: 4000 (100,00%) -- Ticket Income 40 000 $
Luxury Box -- Attendance: 1000 (100,00%) -- Ticket Income 100 000 $
Game was played at the Sideburns Coliseum.
Total Attendance: 18000 (100,00%)
Total Ticket Income: 707 000 $
Other Income: 346 430 $
Total Income: 1 053 430 $

Predators

5 vs 5 Forward 
   Center                   Left Wing                Right Wing               Time % Phy DF OF 
 1 Aleksander Barkov        Patrick Marleau          Brayden Point            33     0   1  4  
 2 Carl Soderberg           Anthony Duclair          William Nylander         28     0   1  4  
 3 Mark Jankowski           Matthew Nieto            Brendan Lemieux          25     0   3  2  
 4 Jordan Weal              Sven Baertschi           Colin Wilson             14     0   4  1  

5 vs 5 Defense 
   Defense                  Defense                                           Time % Phy DF OF 
 1 Vladislav Gavrikov       Jay Bouwmeester                                   37     1   2  2  
 2 Jaccob Slavin            Samuel Girard                                     36     1   2  2  
 3 Kevin Connauton          Robert Bortuzzo                                   27     1   4  0  
 4 Vladislav Gavrikov       Jay Bouwmeester                                   0      1   2  2  

PowerPlay Forward 
   Center                   Left Wing                Right Wing               Time % Phy DF OF 
 1 Carl Soderberg           Anthony Duclair          William Nylander         50     0   0  5  
 2 Aleksander Barkov        Patrick Marleau          Brayden Point            50     0   0  5  

PowerPlay Defense
   Defense                  Defense                                           Time % Phy DF OF 
 1 Jaccob Slavin            Samuel Girard                                     55     0   1  4  
 2 Vladislav Gavrikov       Jay Bouwmeester                                   45     0   1  4  

Penalty Kill 4 Players Forward 
   Center                   Wing                     Time % Phy DF OF 
 1 Carl Soderberg           Matthew Nieto            60     1   4  0  
 2 Mark Jankowski           Brendan Lemieux          40     1   4  0  

Penalty Kill 4 Players Defense
   Defense                  Defense                  Time % Phy DF OF 
 1 Vladislav Gavrikov       Jay Bouwmeester          55     1   4  0  
 2 Jaccob Slavin            Samuel Girard            45     1   4  0  

Penalty Kill - 3 Players Forward 
   Forward                                           Time % Phy DF OF 
 1 Carl Soderberg                                    55     0   5  0  
 2 Mark Jankowski                                    45     0   5  0  

Penalty Kill - 3 Players Defense
   Defense                  Defense                  Time % Phy DF OF 
 1 Vladislav Gavrikov       Jay Bouwmeester          60     1   4  0  
 2 Jaccob Slavin            Samuel Girard            40     1   4  0  

4 vs 4 Forward 
   Center                   Wing                     Time % Phy DF OF 
 1 Aleksander Barkov        Brayden Point            50     0   1  4  
 2 William Nylander         Anthony Duclair          50     0   1  4  

4 vs 4 Defense
   Defense                  Defense                  Time % Phy DF OF 
 1 Vladislav Gavrikov       Jay Bouwmeester          55     0   3  2  
 2 Jaccob Slavin            Samuel Girard            45     0   3  2  

Last Minutes Offensive
   Center                   Left Wing                Right Wing               Defense                  Defense                  
   Aleksander Barkov        William Nylander         Brayden Point            Jaccob Slavin            Samuel Girard            

Last Minutes Defensive
   Center                   Left Wing                Right Wing               Defense                  Defense                  
   Carl Soderberg           Matthew Nieto            Brendan Lemieux          Vladislav Gavrikov       Jay Bouwmeester          

Goaltenders
Starting : Connor Ingram            
Backup : Troy Grosenick           

Extra Forwards
Normal : Aleksander Barkov, Brayden Point, Brendan Lemieux - PP : Colin Wilson, Brendan Lemieux - PK : Carl Soderberg
Extra Defensemen
Normal : Jaccob Slavin, Vladislav Gavrikov, Robert Bortuzzo - PP : Robert Bortuzzo - PK : Jaccob Slavin, Samuel Girard
Penalty Shots
Aleksander Barkov, Brendan Lemieux, Jordan Weal, Anthony Duclair, Brayden Point
Custom OT Lines Forwards
William Nylander, Anthony Duclair, Carl Soderberg, Brayden Point, Aleksander Barkov, Brendan Lemieux, Matthew Nieto, Colin Wilson, Patrick Marleau, Sven Baertschi
Custom OT Lines Defensemen
Jaccob Slavin, Samuel Girard, Vladislav Gavrikov, Jay Bouwmeester, Kevin Connauton

Scratches
Austin Czarnik (Healthy)

Golden Seals

5 vs 5 Forward 
   Center                   Left Wing                Right Wing               Time % Phy DF OF 
 1 Jonathan Toews           Tyler Toffoli            Jaden Schwartz           38     0   2  3  
 2 William Karlsson         Max Domi                 Jordan Eberle            32     0   2  3  
 3 Nick Suzuki              Oskar Lindblom           Robby Fabbri             20     0   2  3  
 4 Barclay Goodrow          Miles Wood               Nick Cousins             10     1   2  2  

5 vs 5 Defense 
   Defense                  Defense                                           Time % Phy DF OF 
 1 Colton Parayko           Jake McCabe                                       40     0   3  2  
 2 Nate Schmidt             Olli Maatta                                       33     0   3  2  
 3 Cody Ceci                Robert Hagg                                       27     1   3  1  
 4 Colton Parayko           Jake McCabe                                       0      1   2  2  

PowerPlay Forward 
   Center                   Left Wing                Right Wing               Time % Phy DF OF 
 1 Jonathan Toews           Tyler Toffoli            Jaden Schwartz           60     1   0  4  
 2 William Karlsson         Max Domi                 Jordan Eberle            40     1   0  4  

PowerPlay Defense
   Defense                  Defense                                           Time % Phy DF OF 
 1 Colton Parayko           Oskar Lindblom                                    60     0   1  4  
 2 Nate Schmidt             Nick Suzuki                                       40     0   1  4  

Penalty Kill 4 Players Forward 
   Center                   Wing                     Time % Phy DF OF 
 1 Barclay Goodrow          Miles Wood               65     1   3  1  
 2 William Karlsson         Jonathan Toews           35     1   3  1  

Penalty Kill 4 Players Defense
   Defense                  Defense                  Time % Phy DF OF 
 1 Cody Ceci                Jake McCabe              60     1   4  0  
 2 Olli Maatta              Robert Hagg              40     1   4  0  

Penalty Kill - 3 Players Forward 
   Forward                                           Time % Phy DF OF 
 1 Barclay Goodrow                                   60     1   4  0  
 2 Jonathan Toews                                    40     1   4  0  

Penalty Kill - 3 Players Defense
   Defense                  Defense                  Time % Phy DF OF 
 1 Cody Ceci                Jake McCabe              60     1   4  0  
 2 Cody Ceci                Jake McCabe              40     1   4  0  

4 vs 4 Forward 
   Center                   Wing                     Time % Phy DF OF 
 1 Jonathan Toews           Jaden Schwartz           55     0   2  3  
 2 William Karlsson         Tyler Toffoli            45     0   2  3  

4 vs 4 Defense
   Defense                  Defense                  Time % Phy DF OF 
 1 Colton Parayko           Jake McCabe              60     0   3  2  
 2 Nate Schmidt             Olli Maatta              40     0   3  2  

Last Minutes Offensive
   Center                   Left Wing                Right Wing               Defense                  Defense                  
   Jonathan Toews           Jaden Schwartz           Tyler Toffoli            Colton Parayko           Nate Schmidt             

Last Minutes Defensive
   Center                   Left Wing                Right Wing               Defense                  Defense                  
   Jonathan Toews           Barclay Goodrow          Miles Wood               Cody Ceci                Jake McCabe              

Goaltenders
Starting : Pheonix Copley           
Backup : Andrei Vasilevskiy       

Extra Forwards
Normal : Nick Suzuki, Oskar Lindblom, Miles Wood - PP : Barclay Goodrow, Robby Fabbri - PK : Nick Suzuki
Extra Defensemen
Normal : Nate Schmidt, Cody Ceci, Colton Parayko - PP : Cody Ceci - PK : Colton Parayko, Nate Schmidt
Penalty Shots
Jonathan Toews, William Karlsson, Jordan Eberle, Tyler Toffoli, Nick Cousins
Custom OT Lines Forwards
Jonathan Toews, William Karlsson, Jaden Schwartz, Tyler Toffoli, Jordan Eberle, Max Domi, Nick Suzuki, Miles Wood, Oskar Lindblom, Robby Fabbri
Custom OT Lines Defensemen
Colton Parayko, Nate Schmidt, Olli Maatta, Jake McCabe, Cody Ceci

Scratches
Erik Burgdoerfer (Healthy), Ondrej Kase (Healthy)

% Time on Ice - Predators

Lines # - Real PCT - Wanted PCT - Time Play
Normal Forward
1 - 33% - 33% - 16:10
2 - 27% - 28% - 13:26
3 - 24% - 25% - 11:34
4 - 16% - 14% - 7:51
Normal Defense
1 - 37% - 37% - 18:19
2 - 36% - 36% - 17:40
3 - 27% - 27% - 13:02
4 - 0% - 0% - 0:00
PP Forward
1 - 50% - 50% - 3:30
2 - 50% - 50% - 3:31
PP Defense
1 - 58% - 55% - 4:06
2 - 42% - 45% - 2:55
PK Forward
1 - 72% - 60% - 2:51
2 - 28% - 40% - 1:07
PK Defense
1 - 61% - 55% - 2:24
2 - 39% - 45% - 1:34
PK3 Forward
1 - 0% - 55%
2 - 0% - 45%
PK3 Defense
1 - 0% - 60%
2 - 0% - 40%
44 Forward
1 - 0% - 50%
2 - 0% - 50%
44 Defense
1 - 0% - 55%
2 - 0% - 45%
Last Minute Offensive  - 0:00
Last Minute Defensive  - 0:00
Total
Forward - 60:00
Defense - 60:00

% Time on Ice - Golden Seals

Lines # - Real PCT - Wanted PCT - Time Play
Normal Forward
1 - 34% - 38% - 16:37
2 - 28% - 32% - 13:33
3 - 22% - 20% - 10:48
4 - 16% - 10% - 8:03
Normal Defense
1 - 41% - 40% - 20:13
2 - 33% - 33% - 16:09
3 - 26% - 27% - 12:39
4 - 0% - 0% - 0:00
PP Forward
1 - 62% - 60% - 2:28
2 - 38% - 40% - 1:30
PP Defense
1 - 71% - 60% - 2:49
2 - 29% - 40% - 1:09
PK Forward
1 - 91% - 65% - 6:25
2 - 9% - 35% - 0:36
PK Defense
1 - 55% - 60% - 3:50
2 - 45% - 40% - 3:11
PK3 Forward
1 - 0% - 60%
2 - 0% - 40%
PK3 Defense
1 - 0% - 60%
2 - 0% - 40%
44 Forward
1 - 0% - 55%
2 - 0% - 45%
44 Defense
1 - 0% - 60%
2 - 0% - 40%
Last Minute Offensive  - 0:00
Last Minute Defensive  - 0:00
Total
Forward - 60:00
Defense - 60:00

Play-by-Play

1st period


0:01 of 1st period - Jonathan Toews wins face-off versus Aleksander Barkov in neutral zone.
1:16 of 1st period - Jaden Schwartz is hit by Matthew Nieto and loses puck.
2:00 of 1st period - Slapshot by Aleksander Barkov.
2:00 of 1st period - Shot Misses the Net.
2:02 of 1st period - Backhand shot by Kevin Connauton.
2:02 of 1st period - Shot Misses the Net.
2:04 of 1st period - Snap shot by Kevin Connauton.
2:04 of 1st period - Deflect By Max Domi.
2:04 of 1st period - Stopped by Pheonix Copley with a rebound.
2:06 of 1st period - Snap shot by Patrick Marleau.
2:06 of 1st period - Deflect By Jordan Eberle.
2:06 of 1st period - Stopped by Pheonix Copley with a rebound.
2:42 of 1st period - Snap shot by Jaden Schwartz.
2:42 of 1st period - Stopped by Connor Ingram with a rebound.
2:54 of 1st period - Snap shot by Anthony Duclair.
2:54 of 1st period - Stopped by Pheonix Copley with a rebound.
3:30 of 1st period - Snap shot by Aleksander Barkov.
3:30 of 1st period - Deflect By Brayden Point.
3:30 of 1st period - Shot Misses the Net.
3:30 of 1st period - Puck is out of play.
3:31 of 1st period - Jordan Weal wins face-off versus Jonathan Toews in Golden Seals zone.
3:52 of 1st period - Minor Penalty to Tyler Toffoli for Slashing.
3:53 of 1st period - Aleksander Barkov wins face-off versus Barclay Goodrow in Golden Seals zone.
4:08 of 1st period - Slapshot by Brayden Point.
4:08 of 1st period - Deflect By Aleksander Barkov.
4:08 of 1st period - Shot Blocked by Cody Ceci.
4:08 of 1st period - Puck is out of play.
4:09 of 1st period - Barclay Goodrow wins face-off versus Carl Soderberg in Golden Seals zone.
4:18 of 1st period - Wrist shot by William Nylander.
4:18 of 1st period - Stopped by Pheonix Copley with a rebound.
5:52 of 1st period - Penalty to Tyler Toffoli is over, Tyler Toffoli is back on ice.
6:20 of 1st period - Snap shot by Sven Baertschi.
6:20 of 1st period - Deflect By Jordan Weal.
6:20 of 1st period - Shot Blocked by Colton Parayko.
6:20 of 1st period - Puck is out of play.
6:21 of 1st period - Jordan Weal wins face-off versus William Karlsson in Golden Seals zone.
7:29 of 1st period - Cody Ceci is hit by Carl Soderberg and loses puck.
7:54 of 1st period - Slapshot by Brendan Lemieux.
7:54 of 1st period - Stopped by Pheonix Copley with a rebound.
7:56 of 1st period - Snap shot by Mark Jankowski.
7:56 of 1st period - Shot Misses the Net.
8:52 of 1st period - Snap shot by William Nylander.
8:52 of 1st period - Shot Blocked by Barclay Goodrow.
8:55 of 1st period - Icing by Jake McCabe.
8:56 of 1st period - Mark Jankowski wins face-off versus Barclay Goodrow in Golden Seals zone.
9:23 of 1st period - Colton Parayko is hit by Patrick Marleau and loses puck.
10:00 of 1st period - Robert Bortuzzo is hit by Jaden Schwartz and loses puck.
10:23 of 1st period - Wrist shot by Anthony Duclair.
10:23 of 1st period - Stopped by Pheonix Copley with a rebound.
10:25 of 1st period - Slapshot by Robert Bortuzzo.
10:25 of 1st period - Shot Misses the Net.
10:27 of 1st period - Snap shot by Robert Bortuzzo.
10:27 of 1st period - Stopped by Pheonix Copley without a rebound.
10:28 of 1st period - William Karlsson wins face-off versus Aleksander Barkov in Golden Seals zone.
10:45 of 1st period - Wrist shot by Aleksander Barkov.
10:45 of 1st period - Shot Misses the Net.
11:08 of 1st period - Snap shot by Jordan Eberle.
11:08 of 1st period - Shot Blocked by Jaccob Slavin.
11:24 of 1st period - Matthew Nieto is hit by Cody Ceci and loses puck.
11:45 of 1st period - Cody Ceci is hit by Patrick Marleau and loses puck.
12:04 of 1st period - Wrist shot by Jaden Schwartz.
12:04 of 1st period - Stopped by Connor Ingram with a rebound.
12:27 of 1st period - Off-side.
12:28 of 1st period - Nick Suzuki wins face-off versus Aleksander Barkov in neutral zone.
12:43 of 1st period - Wrist shot by Aleksander Barkov.
12:43 of 1st period - Shot Misses the Net.
12:45 of 1st period - Wrist shot by Jaccob Slavin.
12:45 of 1st period - Stopped by Pheonix Copley with a rebound.
12:55 of 1st period - Wrist shot by Brendan Lemieux.
12:55 of 1st period - Shot Misses the Net.
13:11 of 1st period - Icing by Jonathan Toews.
13:12 of 1st period - Jonathan Toews wins face-off versus Carl Soderberg in Golden Seals zone.
13:37 of 1st period - Jaden Schwartz is hit by Samuel Girard and loses puck.
14:38 of 1st period - Aleksander Barkov is hit by Tyler Toffoli and loses puck.
14:47 of 1st period - Wrist shot by Jaden Schwartz.
14:47 of 1st period - Stopped by Connor Ingram with a rebound.
14:59 of 1st period - Slapshot by Brayden Point.
14:59 of 1st period - Stopped by Pheonix Copley with a rebound.
15:05 of 1st period - Aleksander Barkov is hit by Robert Hagg and loses puck.
15:37 of 1st period - Off-side.
15:38 of 1st period - Jordan Weal wins face-off versus William Karlsson in neutral zone.
15:47 of 1st period - Backhand shot by Jordan Eberle.
15:47 of 1st period - Stopped by Connor Ingram with a rebound.
15:49 of 1st period - Slapshot by Colton Parayko.
15:49 of 1st period - Deflect By Jordan Eberle.
15:49 of 1st period - Shot Misses the Net.
15:49 of 1st period - Puck is out of play.
15:50 of 1st period - Mark Jankowski wins face-off versus Jonathan Toews in Predators zone.
15:57 of 1st period - Jaden Schwartz is hit by Brendan Lemieux and loses puck.
16:38 of 1st period - Snap shot by Oskar Lindblom.
16:38 of 1st period - Shot Misses the Net.
16:46 of 1st period - Snap shot by Jordan Weal.
16:46 of 1st period - Stopped by Pheonix Copley with a rebound.
16:48 of 1st period - Wrist shot by Jay Bouwmeester.
16:48 of 1st period - Stopped by Pheonix Copley without a rebound.
16:49 of 1st period - Aleksander Barkov wins face-off versus Tyler Toffoli in Golden Seals zone.
16:50 of 1st period - Slapshot by Brayden Point.
16:50 of 1st period - Shot Blocked by Jonathan Toews.
16:56 of 1st period - Colton Parayko is hit by Brayden Point and loses puck.
17:03 of 1st period - Jonathan Toews is hit by Robert Bortuzzo and loses puck.
17:29 of 1st period - Snap shot by Jordan Eberle.
17:29 of 1st period - Deflect By Max Domi.
17:29 of 1st period - Stopped by Connor Ingram without a rebound.
17:30 of 1st period - Nick Suzuki wins face-off versus Brayden Point in Predators zone.
17:36 of 1st period - Off-side.
17:37 of 1st period - Patrick Marleau wins face-off versus Nick Suzuki in neutral zone.
18:32 of 1st period - Snap shot by Oskar Lindblom.
18:32 of 1st period - Stopped by Connor Ingram with a rebound.
18:34 of 1st period - Wrist shot by Robby Fabbri.
18:34 of 1st period - Shot Blocked by Vladislav Gavrikov.
18:36 of 1st period - Slapshot by Olli Maatta.
18:36 of 1st period - Stopped by Connor Ingram with a rebound.
18:38 of 1st period - Snap shot by Nate Schmidt.
18:38 of 1st period - Shot Blocked by Jay Bouwmeester.
18:40 of 1st period - Slapshot by Nate Schmidt.
18:40 of 1st period - Shot Blocked by Aleksander Barkov.
18:44 of 1st period - Slapshot by Nick Suzuki.
18:44 of 1st period - Shot Misses the Net.
18:46 of 1st period - Wrist shot by Oskar Lindblom.
18:46 of 1st period - Deflect By Nick Suzuki.
18:46 of 1st period - Stopped by Connor Ingram with a rebound.
18:48 of 1st period - Slapshot by Olli Maatta.
18:48 of 1st period - Shot Hit the Post.
18:50 of 1st period - Wrist shot by Robby Fabbri.
18:50 of 1st period - Shot Misses the Net.
18:52 of 1st period - Slapshot by Nick Suzuki.
18:52 of 1st period - Stopped by Connor Ingram without a rebound.
18:53 of 1st period - Carl Soderberg wins face-off versus Jonathan Toews in Predators zone.
18:58 of 1st period - Wrist shot by Tyler Toffoli.
18:58 of 1st period - Stopped by Connor Ingram with a rebound.
19:06 of 1st period - Snap shot by Jonathan Toews.
19:06 of 1st period - Stopped by Connor Ingram with a rebound.
19:18 of 1st period - Matthew Nieto is hit by Jake McCabe and loses puck.
Goals for this period are 0 for Predators vs 0 for Golden Seals.
Shots for this period are 11 for Predators vs 11 for Golden Seals.

2nd period


0:01 of 2nd period - Jonathan Toews wins face-off versus Carl Soderberg in neutral zone.
0:26 of 2nd period - Colton Parayko is hit by Robert Bortuzzo.
0:32 of 2nd period - Wrist shot by Max Domi.
0:32 of 2nd period - Stopped by Connor Ingram without a rebound.
0:33 of 2nd period - William Karlsson wins face-off versus Aleksander Barkov in Predators zone.
0:34 of 2nd period - Wrist shot by Jordan Eberle.
0:34 of 2nd period - Shot Blocked by Brayden Point.
1:00 of 2nd period - Carl Soderberg is hit by Olli Maatta and loses puck.
1:35 of 2nd period - Wrist shot by Matthew Nieto.
1:35 of 2nd period - Stopped by Pheonix Copley without a rebound.
1:36 of 2nd period - Aleksander Barkov wins face-off versus Jonathan Toews in Golden Seals zone.
1:39 of 2nd period - Slapshot by Brayden Point.
1:39 of 2nd period - Goal by Brayden Point - Predators : 1 - Golden Seals : 0.
1:40 of 2nd period - Jonathan Toews wins face-off versus Carl Soderberg in neutral zone.
1:43 of 2nd period - William Nylander is hit by Colton Parayko and loses puck.
2:39 of 2nd period - Snap shot by Brayden Point.
2:39 of 2nd period - Stopped by Pheonix Copley without a rebound.
2:40 of 2nd period - Jonathan Toews wins face-off versus Brayden Point in Golden Seals zone.
3:05 of 2nd period - Snap shot by Aleksander Barkov.
3:05 of 2nd period - Stopped by Pheonix Copley with a rebound.
3:44 of 2nd period - Wrist shot by Aleksander Barkov.
3:44 of 2nd period - Goal by Aleksander Barkov - Predators : 2 - Golden Seals : 0.
3:45 of 2nd period - Jonathan Toews wins face-off versus Mark Jankowski in neutral zone.
3:54 of 2nd period - Snap shot by Brendan Lemieux.
3:54 of 2nd period - Shot Misses the Net.
4:33 of 2nd period - Snap shot by Jaden Schwartz.
4:33 of 2nd period - Stopped by Connor Ingram without a rebound.
4:34 of 2nd period - William Karlsson wins face-off versus Mark Jankowski in Predators zone.
4:58 of 2nd period - Icing by Jaccob Slavin.
4:59 of 2nd period - Aleksander Barkov wins face-off versus Nick Suzuki in Predators zone.
5:26 of 2nd period - Jay Bouwmeester is hit by Jake McCabe and loses puck.
5:35 of 2nd period - Max Domi is hit by Matthew Nieto and loses puck.
5:55 of 2nd period - Jake McCabe is hit by Robert Bortuzzo and loses puck.
6:08 of 2nd period - Jay Bouwmeester is hit by Miles Wood and loses puck.
7:08 of 2nd period - Minor Penalty to Jordan Eberle for Hooking.
7:09 of 2nd period - Carl Soderberg wins face-off versus Barclay Goodrow in Golden Seals zone.
8:05 of 2nd period - Nate Schmidt is hit by Patrick Marleau and loses puck.
8:40 of 2nd period - Max Domi is hit by Aleksander Barkov and loses puck.
9:08 of 2nd period - Penalty to Jordan Eberle is over, Jordan Eberle is back on ice.
9:28 of 2nd period - Jaden Schwartz is hit by Brendan Lemieux and loses puck.
9:37 of 2nd period - Olli Maatta is hit by Kevin Connauton and loses puck.
11:08 of 2nd period - Mark Jankowski is hit by Robert Hagg and loses puck.
11:32 of 2nd period - Jordan Eberle is hit by Robert Bortuzzo and loses puck.
12:12 of 2nd period - Jonathan Toews is hit by Vladislav Gavrikov and loses puck.
12:36 of 2nd period - Robert Hagg is hit by Carl Soderberg and loses puck.
13:32 of 2nd period - Jay Bouwmeester is hit by Nick Cousins and loses puck.
14:06 of 2nd period - Robert Bortuzzo is hit by William Karlsson and loses puck.
15:04 of 2nd period - Mark Jankowski is hit by Robby Fabbri and loses puck.
15:24 of 2nd period - Wrist shot by Aleksander Barkov.
15:24 of 2nd period - Shot Misses the Net.
15:32 of 2nd period - Aleksander Barkov is hit by Jordan Eberle and loses puck.
16:10 of 2nd period - Samuel Girard is hit by Cody Ceci and loses puck.
16:21 of 2nd period - Slapshot by William Karlsson.
16:21 of 2nd period - Stopped by Connor Ingram without a rebound.
16:22 of 2nd period - William Karlsson wins face-off versus Carl Soderberg in Predators zone.
16:23 of 2nd period - Wrist shot by Max Domi.
16:23 of 2nd period - Shot Misses the Net.
16:52 of 2nd period - Wrist shot by Jonathan Toews.
16:52 of 2nd period - Stopped by Connor Ingram with a rebound.
16:54 of 2nd period - Snap shot by Jaden Schwartz.
16:54 of 2nd period - Goal by Jaden Schwartz - Predators : 2 - Golden Seals : 1.
16:55 of 2nd period - Jonathan Toews wins face-off versus Carl Soderberg in neutral zone.
17:13 of 2nd period - Minor Penalty to Anthony Duclair for Hooking.
17:14 of 2nd period - Jonathan Toews wins face-off versus Carl Soderberg in Predators zone.
17:14 of 2nd period - Snap shot by Jaden Schwartz.
17:14 of 2nd period - Shot Misses the Net.
17:16 of 2nd period - Backhand shot by Jaden Schwartz.
17:16 of 2nd period - Shot Blocked by Jay Bouwmeester.
17:20 of 2nd period - Snap shot by Jonathan Toews.
17:20 of 2nd period - Shot Misses the Net.
17:22 of 2nd period - Wrist shot by Jonathan Toews.
17:22 of 2nd period - Shot Misses the Net.
17:24 of 2nd period - Slapshot by Jonathan Toews.
17:24 of 2nd period - Stopped by Connor Ingram without a rebound.
17:25 of 2nd period - Carl Soderberg wins face-off versus Jonathan Toews in Predators zone.
17:57 of 2nd period - Snap shot by Max Domi.
17:57 of 2nd period - Shot Misses the Net.
18:57 of 2nd period - Vladislav Gavrikov is hit by Jonathan Toews and loses puck.
19:13 of 2nd period - Penalty to Anthony Duclair is over, Anthony Duclair is back on ice.
19:56 of 2nd period - Slapshot by Sven Baertschi.
19:56 of 2nd period - Shot Blocked by Max Domi.
19:58 of 2nd period - Slapshot by Brayden Point.
19:58 of 2nd period - Stopped by Pheonix Copley with a rebound.
Goals for this period are 2 for Predators vs 1 for Golden Seals.
Shots for this period are 6 for Predators vs 6 for Golden Seals.

3rd period


0:01 of 3rd period - Jonathan Toews wins face-off versus Carl Soderberg in neutral zone.
0:15 of 3rd period - Nate Schmidt is hit by Jaccob Slavin and loses puck.
0:26 of 3rd period - Olli Maatta is hit by Brayden Point and loses puck.
0:59 of 3rd period - Brendan Lemieux is hit by Olli Maatta and loses puck.
1:38 of 3rd period - Snap shot by Olli Maatta.
1:38 of 3rd period - Stopped by Connor Ingram without a rebound.
1:39 of 3rd period - Nick Suzuki wins face-off versus Jordan Weal in Predators zone.
1:40 of 3rd period - Snap shot by Oskar Lindblom.
1:40 of 3rd period - Stopped by Connor Ingram without a rebound.
1:41 of 3rd period - Carl Soderberg wins face-off versus Nick Suzuki in Predators zone.
1:50 of 3rd period - Snap shot by Nick Suzuki.
1:50 of 3rd period - Stopped by Connor Ingram without a rebound.
1:51 of 3rd period - Anthony Duclair wins face-off versus Jonathan Toews in Predators zone.
1:51 of 3rd period - Anthony Duclair is hit by Cody Ceci.
2:01 of 3rd period - Wrist shot by Anthony Duclair.
2:01 of 3rd period - Shot Misses the Net.
2:03 of 3rd period - Snap shot by William Nylander.
2:03 of 3rd period - Shot Misses the Net.
2:05 of 3rd period - Snap shot by Carl Soderberg.
2:05 of 3rd period - Shot Misses the Net.
2:07 of 3rd period - Snap shot by William Nylander.
2:07 of 3rd period - Shot Blocked by Cody Ceci.
2:09 of 3rd period - Snap shot by Carl Soderberg.
2:09 of 3rd period - Stopped by Pheonix Copley without a rebound.
2:10 of 3rd period - Brayden Point wins face-off versus William Karlsson in Golden Seals zone.
2:27 of 3rd period - Snap shot by Jordan Eberle.
2:27 of 3rd period - Stopped by Connor Ingram without a rebound.
2:28 of 3rd period - Mark Jankowski wins face-off versus Jonathan Toews in Predators zone.
2:33 of 3rd period - Jonathan Toews is hit by Samuel Girard and loses puck.
2:38 of 3rd period - Slapshot by Jaccob Slavin.
2:38 of 3rd period - Stopped by Pheonix Copley with a rebound.
2:40 of 3rd period - Slapshot by Samuel Girard.
2:40 of 3rd period - Stopped by Pheonix Copley with a rebound.
3:40 of 3rd period - Snap shot by Jordan Weal.
3:40 of 3rd period - Shot Blocked by Colton Parayko.
3:56 of 3rd period - Snap shot by Jonathan Toews.
3:56 of 3rd period - Stopped by Connor Ingram without a rebound.
3:57 of 3rd period - Jonathan Toews wins face-off versus Mark Jankowski in Predators zone.
4:08 of 3rd period - Snap shot by Brendan Lemieux.
4:08 of 3rd period - Goal by Brendan Lemieux - Predators : 3 - Golden Seals : 1.
4:09 of 3rd period - Aleksander Barkov wins face-off versus Jonathan Toews in neutral zone.
4:18 of 3rd period - Backhand shot by Brayden Point.
4:18 of 3rd period - Stopped by Pheonix Copley with a rebound.
4:20 of 3rd period - Penalty Shot by Jonathan Toews for Golden Seals.
4:20 of 3rd period - Snap shot by Jonathan Toews.
4:20 of 3rd period - Goal by Jonathan Toews - Predators : 3 - Golden Seals : 2.
4:21 of 3rd period - Jonathan Toews wins face-off versus Carl Soderberg in neutral zone.
4:22 of 3rd period - Carl Soderberg wins face-off versus Jonathan Toews in Golden Seals zone.
4:37 of 3rd period - Wrist shot by Carl Soderberg.
4:37 of 3rd period - Shot Misses the Net.
5:36 of 3rd period - Jordan Weal is hit by Miles Wood and loses puck.
5:49 of 3rd period - Slapshot by Vladislav Gavrikov.
5:49 of 3rd period - Stopped by Pheonix Copley with a rebound.
5:51 of 3rd period - Slapshot by Vladislav Gavrikov.
5:51 of 3rd period - Stopped by Pheonix Copley without a rebound.
5:52 of 3rd period - Jonathan Toews wins face-off versus Carl Soderberg in Golden Seals zone.
5:52 of 3rd period - Jonathan Toews is hit by William Nylander.
6:00 of 3rd period - Wrist shot by William Nylander.
6:00 of 3rd period - Deflect By Anthony Duclair.
6:00 of 3rd period - Goal by Anthony Duclair - Predators : 4 - Golden Seals : 2.
6:01 of 3rd period - Aleksander Barkov wins face-off versus William Karlsson in neutral zone.
6:28 of 3rd period - Aleksander Barkov is hit by Oskar Lindblom and loses puck.
6:33 of 3rd period - Wrist shot by Nick Suzuki.
6:33 of 3rd period - Deflect By Oskar Lindblom.
6:33 of 3rd period - Shot Misses the Net.
6:33 of 3rd period - Puck is out of play.
6:34 of 3rd period - Nick Suzuki wins face-off versus Mark Jankowski in Predators zone.
6:37 of 3rd period - Snap shot by Nick Suzuki.
6:37 of 3rd period - Shot Misses the Net.
6:39 of 3rd period - Wrist shot by Oskar Lindblom.
6:39 of 3rd period - Shot Misses the Net.
6:41 of 3rd period - Slapshot by Nate Schmidt.
6:41 of 3rd period - Shot Blocked by Jaccob Slavin.
6:43 of 3rd period - Snap shot by Nick Suzuki.
6:43 of 3rd period - Shot Blocked by Mark Jankowski.
6:45 of 3rd period - Snap shot by Nate Schmidt.
6:45 of 3rd period - Shot Misses the Net.
6:50 of 3rd period - Minor Penalty to Brendan Lemieux for Interference.
6:51 of 3rd period - Jonathan Toews wins face-off versus Carl Soderberg in Predators zone.
6:51 of 3rd period - Snap shot by Jaden Schwartz.
6:51 of 3rd period - Deflect By Tyler Toffoli.
6:51 of 3rd period - Shot Misses the Net.
6:51 of 3rd period - Puck is out of play.
6:52 of 3rd period - Jonathan Toews wins face-off versus Carl Soderberg in Predators zone.
6:53 of 3rd period - Wrist shot by Jaden Schwartz.
6:53 of 3rd period - Shot Misses the Net.
6:57 of 3rd period - Wrist shot by Jaden Schwartz.
6:57 of 3rd period - Stopped by Connor Ingram with a rebound.
6:59 of 3rd period - Slapshot by Colton Parayko.
6:59 of 3rd period - Stopped by Connor Ingram without a rebound.
7:00 of 3rd period - Carl Soderberg wins face-off versus Jonathan Toews in Predators zone.
7:17 of 3rd period - Carl Soderberg is hit by Colton Parayko and loses puck.
7:28 of 3rd period - Wrist shot by Jaden Schwartz.
7:28 of 3rd period - Deflect By Tyler Toffoli.
7:28 of 3rd period - Stopped by Connor Ingram with a rebound.
7:50 of 3rd period - Snap shot by Jonathan Toews.
7:50 of 3rd period - Shot Blocked by Anthony Duclair.
7:52 of 3rd period - Slapshot by Oskar Lindblom.
7:52 of 3rd period - Stopped by Connor Ingram without a rebound.
7:53 of 3rd period - William Karlsson wins face-off versus Carl Soderberg in Predators zone.
7:56 of 3rd period - Slapshot by Jordan Eberle.
7:56 of 3rd period - Shot Misses the Net.
8:50 of 3rd period - Penalty to Brendan Lemieux is over, Brendan Lemieux is back on ice.
8:50 of 3rd period - Colton Parayko is hit by Matthew Nieto and loses puck.
9:39 of 3rd period - Nick Suzuki is hit by Patrick Marleau and loses puck.
10:21 of 3rd period - Off-side.
10:22 of 3rd period - Aleksander Barkov wins face-off versus Nick Suzuki in neutral zone.
10:25 of 3rd period - Snap shot by Brayden Point.
10:25 of 3rd period - Stopped by Pheonix Copley without a rebound.
10:26 of 3rd period - Nick Suzuki wins face-off versus Carl Soderberg in Golden Seals zone.
10:37 of 3rd period - Snap shot by William Nylander.
10:37 of 3rd period - Stopped by Pheonix Copley with a rebound.
11:27 of 3rd period - Jordan Eberle is hit by Jordan Weal.
11:41 of 3rd period - Wrist shot by Miles Wood.
11:41 of 3rd period - Shot Blocked by Vladislav Gavrikov.
11:43 of 3rd period - Snap shot by Miles Wood.
11:43 of 3rd period - Goal by Miles Wood - Predators : 4 - Golden Seals : 3.
11:44 of 3rd period - Carl Soderberg wins face-off versus Jonathan Toews in neutral zone.
12:11 of 3rd period - Colton Parayko is hit by Matthew Nieto and loses puck.
12:22 of 3rd period - Slapshot by Jake McCabe.
12:22 of 3rd period - Shot Misses the Net.
12:56 of 3rd period - Wrist shot by Sven Baertschi.
12:56 of 3rd period - Shot Misses the Net.
12:58 of 3rd period - Slapshot by Sven Baertschi.
12:58 of 3rd period - Shot Misses the Net.
13:00 of 3rd period - Snap shot by Samuel Girard.
13:00 of 3rd period - Stopped by Pheonix Copley with a rebound.
13:02 of 3rd period - Slapshot by Jordan Weal.
13:02 of 3rd period - Deflect By Sven Baertschi.
13:02 of 3rd period - Goal by Sven Baertschi - Predators : 5 - Golden Seals : 3.
13:03 of 3rd period - Carl Soderberg wins face-off versus Tyler Toffoli in neutral zone.
13:30 of 3rd period - Jaccob Slavin is hit by William Karlsson and loses puck.
13:59 of 3rd period - Snap shot by Robby Fabbri.
13:59 of 3rd period - Shot Blocked by Jaccob Slavin.
14:17 of 3rd period - Snap shot by Nate Schmidt.
14:17 of 3rd period - Stopped by Connor Ingram without a rebound.
14:18 of 3rd period - Barclay Goodrow wins face-off versus Aleksander Barkov in Predators zone.
14:47 of 3rd period - Snap shot by William Nylander.
14:47 of 3rd period - Stopped by Pheonix Copley with a rebound.
14:49 of 3rd period - Slapshot by Anthony Duclair.
14:49 of 3rd period - Stopped by Pheonix Copley with a rebound.
14:51 of 3rd period - Slapshot by Anthony Duclair.
14:51 of 3rd period - Stopped by Pheonix Copley without a rebound.
14:52 of 3rd period - William Karlsson wins face-off versus Carl Soderberg in Golden Seals zone.
15:03 of 3rd period - Kevin Connauton is hit by Max Domi and loses puck.
15:30 of 3rd period - Minor Penalty to Colton Parayko for Interference.
15:31 of 3rd period - Barclay Goodrow wins face-off versus Carl Soderberg in Golden Seals zone.
15:57 of 3rd period - Barclay Goodrow is hit by Samuel Girard.
17:30 of 3rd period - Penalty to Colton Parayko is over, Colton Parayko is back on ice.
17:45 of 3rd period - Wrist shot by Colin Wilson.
17:45 of 3rd period - Deflect By Barclay Goodrow.
17:45 of 3rd period - Stopped by Pheonix Copley without a rebound.
17:46 of 3rd period - Jonathan Toews wins face-off versus Jordan Weal in Golden Seals zone.
17:53 of 3rd period - Snap shot by Sven Baertschi.
17:53 of 3rd period - Goal by Sven Baertschi - Predators : 6 - Golden Seals : 3.
17:54 of 3rd period - Aleksander Barkov wins face-off versus Jonathan Toews in neutral zone.
17:57 of 3rd period - Snap shot by Brayden Point.
17:57 of 3rd period - Shot Misses the Net.
18:11 of 3rd period - Jay Bouwmeester is hit by Jaden Schwartz and loses puck.
18:22 of 3rd period - Wrist shot by Max Domi.
18:22 of 3rd period - Shot Misses the Net.
18:27 of 3rd period - Off-side.
18:28 of 3rd period - Carl Soderberg wins face-off versus William Karlsson in neutral zone.
18:55 of 3rd period - Minor Penalty to Jonathan Toews for Roughing.
18:56 of 3rd period - Carl Soderberg wins face-off versus Barclay Goodrow in Golden Seals zone.
19:57 of 3rd period - William Karlsson is hit by Aleksander Barkov.
Goals for this period are 4 for Predators vs 2 for Golden Seals.
Shots for this period are 17 for Predators vs 11 for Golden Seals.